General information
- name: BNet
- type: Ladder 1vs1/FFA
- host: Battle.net
- saver: patho
map: TerenasStand
- players: 2
- length: 09:45
- speed: Fast
- version: 1.21 W3XP
- replay type: Public
» download(32 KB)
Players
team 1 (loser)
Relinquish. (
teal | 78 APM | 759 actions | 09:44)
1 Beastmaster
1 Summon Hawk
1 Pandaren Brewmaster
1 Breath of Fire
» actions
| Assign group hotkey | 23 | |
| Basic commands | 18 | |
| Build / train | 33 | |
| ESC pressed | 4 | |
| Enter build submenu | 14 | |
| Enter hero's abilities submenu | 4 | |
| Give item / drop item | 1 | |
| Right click | 341 | |
| Select / deselect | 159 | |
| Select group hotkey | 132 | |
| Use ability | 30 | |
759 total
» units
| Peasant | 8 | |
| Rifleman | 11 | |
| Forest Troll Shadow Priest | 1 | |
20 total
» upgrades
» buildings
| Altar of Kings | 1 | |
| Farm | 6 | |
| Blacksmith | 1 | |
| Barracks | 1 | |
| Scout Tower | 1 | |
| Arcane Tower | 2 | |
| Lumber Mill | 1 | |
| Keep | 2 | |
| Arcane Vault | 1 | |
| Arcane Sanctum | 1 | |
17 total
» build order
00:22 Altar of Kings
00:38 Farm
00:55 Blacksmith
01:15 Farm
02:12 Barracks
02:40 Scout Tower
04:20 Arcane Tower
04:20 Arcane Tower
04:27 Lumber Mill
04:45 Farm
05:51 Keep
05:51 Keep
06:27 Arcane Vault
06:48 Farm
07:33 Farm
08:13 Farm
08:55 Arcane Sanctum
» items
team 2 (winner)
patho (
orange | 115 APM | 1120 actions | 09:45)
3 Blademaster
2 Wind Walk
1 Critical Strike
2 Shadow Hunter
1 Hex
1 Healing Wave
» actions
| Assign group hotkey | 21 | |
| Basic commands | 101 | |
| Build / train | 30 | |
| Enter build submenu | 12 | |
| Enter hero's abilities submenu | 6 | |
| Right click | 314 | |
| Select / deselect | 80 | |
| Select group hotkey | 521 | |
| Use ability | 35 | |
1120 total
» units
» upgrades
| Berserker Strength | 1 | |
| Ensnare | 1 | |
| Armor | 1 | |
| Melee Weapons | 1 | |
4 total
» buildings
| Altar of Storms | 1 | |
| Orc Burrow | 5 | |
| Barracks | 1 | |
| Voodoo Lounge | 1 | |
| Stronghold | 1 | |
| War Mill | 1 | |
| Beastiary | 1 | |
| Fortress | 1 | |
| Great Hall | 1 | |
13 total
» build order
00:07 Altar of Storms
00:19 Orc Burrow
00:35 Barracks
01:30 Orc Burrow
01:59 Voodoo Lounge
02:51 Stronghold
03:55 Orc Burrow
04:04 War Mill
04:48 Orc Burrow
05:16 Beastiary
05:52 Orc Burrow
07:47 Fortress
08:41 Great Hall
» items
| Healing Salve | 1 | |
| Lesser Clarity Potion | 1 | |
2 total
Chat log
(00:10 / All) Relinquish.: gL hF
(00:15 / All) Relinquish.: u an abuser?
(00:22 / All) patho: are u
(00:30 / All) Relinquish.: yes
(00:36 / All) patho: then gl hf
(07:09 / All) Relinquish.: hacks off
(07:20 / All) patho: lol
(09:19 / All) Relinquish.: wow
(09:20 / All) Relinquish.: hack more
(09:22 / All) Relinquish.: u fuckin noob
(09:40 / All) Relinquish.: hack more bitch ass
(09:43 / All) Relinquish.: suck more too